 Dungeon Crawl Stone Soup version 0.31-a0-229-g1fc7ce93e2 (webtiles) character file.

Game seed: 11605067860420718240

22 qw the Shooter (level 2, -6/17 HPs)
             Began as a Gargoyle Hexslinger on July 6, 2023.
             Mangled by Sigmund
             ... wielding a +2 scythe of freezing
              (10 damage)
             ... on level 2 of the Dungeon.
             The game lasted 00:00:19 (903 turns).

qw the Shooter (Gargoyle Hexslinger)                 Turns: 903, Time: 00:00:19

Health: -6/17      AC:  7    Str: 17    XL:     2   Next: 91%
Magic:  3/3        EV: 11    Int: 13    God:
Gold:   55         SH:  0    Dex: 12    Spells: 2/3 levels left

rFire   . . .        Y - +1 sling
rCold   . . .        (no shield)
rNeg    + . .        i - +0 ring mail
rPois   inf          (no helmet)
rElec   +            (no cloak)
rCorr   .            (no gloves)
SInv    .            (no boots)
Will    .....        (no amulet)
Stlth   +            h - +6 ring of strength
HPRegen 0.22/turn    (no ring)
MPRegen 0.08/turn

%: no passive effects
@: no status effects
A: sickness immunity, AC +2, negative energy resistance 1, electricity
resistance, torment resistance 1, petrification resistance
a: no special abilities


You were on level 2 of the Dungeon.
You visited 1 branch of the dungeon, and saw 2 of its levels.

You collected 55 gold pieces.


Innate Abilities, Weirdness & Mutations

You are immune to sickness and miasma.
Your stone body is resilient. (AC +2)
You are immune to poison.
You resist negative energy. (rN+)
You are resistant to electric shocks. (rElec)
You are resistant to unholy torment.
You are immune to petrification.


   Skills:
 + Level 1.8 Fighting
 - Level 3.0 Ranged Weapons
 - Level 1.5 Dodging
 - Level 1.0 Spellcasting
 - Level 2.6 Hexes


You had 2 spell levels left.
You knew the following spells:

 Your Spells              Type           Power      Damage    Failure   Level
a - Slow                  Hex            28%        N/A       17%         1

Your spell library contained the following spells:

 Spells                   Type           Power      Damage    Failure   Level
 Inner Flame              Hex/Fire       4%         N/A       65%         3
 Portal Projectile        Hex/Tloc       8%         N/A       65%         3
 Cause Fear               Hex            3%         N/A       86%         4

Inventory:

Hand Weapons
 Y - a +1 sling (weapon)
Armour
 i - a +0 ring mail (worn)
Jewellery
 h - a +6 ring of strength (left hand)
Scrolls
 a - a scroll of teleportation
Potions
 j - a potion of mutation {unknown}

Dungeon Overview and Level Annotations

Branches:
Dungeon (2/15)

Altars:

Annotations:
D:2 Natasha, Sigmund


Message History

As you read the scroll labelled TIROSI MOCHYXZOE, it crumbles to dust.
It is a scroll of amnesia.
Really abort (and waste the scroll)?
Partly explored, can't reach some items.
857 ||| DROPPING scroll of poison.
You drop a scroll of poison.
Partly explored, can't reach some items.
(D) Dungeon
Where to? (* - list waypoints, ? - help)
What level of the Dungeon? (default 1, ? - help)
There is an open door here.
There is an open door here.
There is a stone staircase leading down here.
You climb downwards.
Sigmund shouts!
Natasha hisses angrily.
The frilled lizard hisses angrily.
Found a leather armour.
There is a stone staircase leading up here.
There are monsters nearby!
Waypoint 1 assigned to D:2.
You shoot a sling bullet. The sling bullet barely misses Sigmund.
Sigmund gestures at you while chanting.
You are confused.
Natasha mewls in sadness.
899 ||| STAIRDANCE In your confused state, you trip and fall back down the stairs.
The frilled lizard bites you. Sigmund completely misses you.
Natasha barely misses you.
901 ||| STAIRDANCE The frilled lizard barely misses you.
Natasha mumbles some strange words.
In your confused state, you trip and fall back down the stairs.
Sigmund misses you.
The frilled lizard bites you but does no damage.
Natasha claws you.
903 ||| STAIRDANCE You feel less confused.
The dart slug launches a dart at you. The slug dart hits you.
The frilled lizard closely misses you.
Sigmund hits you from afar with a +2 scythe of freezing!
Ouch! That really hurt!
You die...

.. .# #.# .#
#..###.#
.##......#
.........##
#.#.......#####
...............
#....5.@.@.....
+.....hl.w.....
###.....#######
#......#
#......#
#......#
+....### #....


You could see Sigmund, Natasha, a cerulean imp (summoned), a dart slug and a
frilled lizard.

Vanquished Creatures
  2 ball pythons (D:1)
  2 endoplasms (D:1)
  4 goblins (D:1)
  A hobgoblin (D:1)
  2 jackals (D:1)
  2 kobolds (D:1)
  2 bats (D:1)
  A frilled lizard (D:1)
  5 rats (D:1)
21 creatures vanquished.

Notes
Turn   | Place    | Note
-------+----------+-------------------------------------------
     0 | D:1      | qw the Gargoyle Hexslinger began the quest for the Orb.
     0 | D:1      | Reached XP level 1. HP: 12/12 MP: 2/2
     0 | D:1      | 0 ||| qw: Version: 0.3-a-46-gb1f654a
     0 | D:1      | 0 ||| qw: Game counter: 1136
     0 | D:1      | 0 ||| qw: Melee chars always use a shield: true
     0 | D:1      | 0 ||| qw: God list: Okawaru
     0 | D:1      | 0 ||| qw: Allow faded altars: false
     0 | D:1      | 0 ||| qw: Do Orc after clearing Dungeon:15 true
     0 | D:1      | 0 ||| qw: Do second Lair branch before Depths: true
     0 | D:1      | 0 ||| qw: Lair rune preference: random
     0 | D:1      | 0 ||| qw: Goals: Normal
     0 | D:1      | 0 ||| PLANNING D:1-11
    78 | D:1      | Reached XP level 2. HP: 16/16 MP: 3/3
   190 | D:1      | Reached skill level 3 in Ranged Weapons
   839 | D:1      | 839 ||| UPGRADING to +0 ring mail.
   849 | D:1      | 849 ||| DROPPING +0 robe.
   850 | D:1      | 850 ||| DROPPING +6 ring of intelligence.
   851 | D:1      | 851 ||| UPGRADING to +6 ring of strength.
   852 | D:1      | 852 ||| READING 2 scrolls labelled CUR TA QAPAROWKO.
   855 | D:1      | 855 ||| READING scroll labelled JONWOGE HEWA.
   856 | D:1      | 856 ||| READING scroll labelled TIROSI MOCHYXZOE.
   857 | D:1      | 857 ||| DROPPING scroll of poison.
   897 | D:2      | Noticed Sigmund
   897 | D:2      | Noticed Natasha
   899 | D:2      | 899 ||| STAIRDANCE
   901 | D:2      | 901 ||| STAIRDANCE
   903 | D:2      | 903 ||| STAIRDANCE
   903 | D:2      | HP: 4/17 [dart slug/slug dart (5)]
   903 | D:2      | Mangled by Sigmund

Levels and vault maps discovered:
D:1:      dpeg_arrival_lava_temple_mockup, layout_basic,
          hangedman_feature_mirror, minmay_gold_behind_fungi,
          serial_bayou_ford_a, st_stairs_8
D:2:      layout_basic, uniq_sigmund, uniq_natasha

Skill      XL: |  1  2 |
---------------+-------+-----
Ranged Weapons | 3 |  3.0
Fighting       | |  1.8
Dodging        | |  1.5
Spellcasting   | |  1.0
Hexes          | |  2.6

Action                     || total
---------------------------++-------
   Fire: Sling             ||    70
    Use: Scroll            ||     3
 Armour: Robe              ||    24
         Ring mail         ||     1
  Dodge: Dodged            ||    27

Table legend:
 A = Non-vault XP
 B = Vault XP
 C = Vault XP percentage of total XP
 D = Non-vault monster count
 E = Vault monster count
 F = Vault count percentage of total count
                 A         B        C        D         E       F
            +---------+---------+-------+---------+---------+-------
      Total |      21 |      11 |  34.4 |      14 |       7 |  33.3
            +---------+---------+-------+---------+---------+-------
        D:1 |      21 |      11 |  34.4 |      14 |       7 |  33.3
            +---------+---------+-------+---------+---------+-------
